 Seeded DCSS version 0.28.0 (webtiles) character file.

Game seed: 17954258168471696486 (custom seed)

48 Buxparty the Skirmisher (level 3, 0/23 (29) HPs)
             Began as a Demonspawn Abyssal Knight on Feb 4, 2022.
             Was a Follower of Lugonu.
             Slain by a gnoll (3 damage)
             ... on level 2 of the Dungeon.
             The game lasted 00:03:11 (1282 turns).

Buxparty the Skirmisher (Demonspawn Abyssal Knight) Turns: 1282, Time: 00:03:12

HP:   0/23 (29)     AC:  4    Str: 21    XL:     3   Next: 50%
MP:   5/5           EV: 12    Int: 11    God:    Lugonu [*.....]
Gold: 63            SH:  4    Dex: 19    Spells: 2/2 levels left

rFire   . . .      SeeInvis .   a - +1 falchion
rCold   . . .      Faith    .   (no shield)
rNeg    . . .      Spirit   .   b - +0 leather armour
rPois   .          Reflect  .   (no helmet)
rElec   .          Harm     .   c - +0 cloak
rCorr   .          Rampage  .   (no gloves)
Will    .....                   (no boots)
Stlth   +.........              (no amulet)
HPRegen 0.07/turn               e - +6 ring of dexterity
MPRegen 0.09/turn               j - +6 ring of strength

@: heavily drained
A: condensation shield
a: Renounce Religion, Depart the Abyss


You were on level 2 of the Dungeon.
You worshipped Lugonu.
Lugonu was aware of your devotion.
You visited 1 branch of the dungeon, and saw 2 of its levels.
You visited the Abyss 1 time.

You collected 63 gold pieces.

Inventory:

Hand Weapons
 a - a +1 falchion (weapon)
Armour
 b - a +0 leather armour (worn)
 c - a +0 cloak (worn)
Jewellery
 d - a ring of poison resistance
 e - a +6 ring of dexterity (left hand)
 j - a +6 ring of strength (right hand)
Scrolls
 i - a scroll of immolation {unknown}
 l - a scroll of identify {unknown}
 n - a scroll of fog {unknown}
Potions
 f - a potion of cancellation {unknown}
 g - 3 potions of heal wounds {unknown}
 h - a potion of haste {unknown}
 k - a potion of curing {unknown}
 m - a potion of lignification {unknown}


   Skills:
 + Level 3.3 Fighting
 * Level 2.4 Long Blades
 - Level 2.0 Armour
 * Level 1.7 Dodging
 - Level 2.8 Invocations


You had 2 spell levels left.
You didn't know any spells.
Your spell library was empty.

Dungeon Overview and Level Annotations

Branches:
Dungeon (2/15)

Altars:


Innate Abilities, Weirdness & Mutations

A meltable shield of frost defends you. (SH +4)


Message History

l - a scroll labelled MUIBUH PIYL A giant cockroach comes into view.
You barely miss the giant cockroach. You block the giant cockroach's attack.
The giant cockroach barely misses you.
You hit the giant cockroach.
The giant cockroach is severely wounded.
The giant cockroach bites you.
You barely miss the giant cockroach.
The giant cockroach is heavily wounded.
The giant cockroach completely misses you.
You slash the giant cockroach!
You kill the giant cockroach!
Lugonu accepts your kill.
No target in view!
You see here 23 arrows.
m - an emerald potion You open the door.
There is an open door here.
You open the door.
There is an open door here.
n - a scroll labelled JYNNEAN NAMUPP
There is an open door here.
A gnoll comes into view. It is wielding a +1 flail of draining.
You barely miss the gnoll.
The gnoll hits you with a +1 flail of draining.
You feel drained.
You hit the gnoll.
The gnoll is moderately wounded.
The gnoll hits you with a +1 flail of draining.
You feel drained.
You barely miss the gnoll.
The gnoll is moderately wounded.
The gnoll hits you with a +1 flail of draining!
You feel drained.
You barely miss the gnoll.
The gnoll is moderately wounded.
The gnoll hits you with a +1 flail of draining.
* * * LOW HITPOINT WARNING * * *
You feel drained.
You die...

........#.........##.#
........#................
.............#....#......
(.......#......#..#......
......[.#.....(##........
......<.#................
#.#######..##...##....... ..#
##......##....... ..#
#####..#...@g.# .
..####.........################
.......###.....#..............##
..######
#.....'...............## ..#
#.#...#................# ..#
#.#...##############.... ..#
###...# ##... ..#
#...##############.... ..#
#...#................#


You could see a gnoll.

Vanquished Creatures
  An adder (D:2)
  5 ball pythons (D:1)
  An endoplasm (D:2)
  4 giant cockroaches
  3 goblins (D:1)
  2 hobgoblins (D:1)
  4 jackals (D:1)
  2 quokkas (D:1)
  8 bats
  5 frilled lizards (D:1)
  A rat (D:1)
36 creatures vanquished.

Notes
Turn   | Place    | Note
-------+----------+-------------------------------------------
     0 | Abyss:1  | Buxparty the Demonspawn Abyssal Knight began the quest for
                  | the Orb.
     0 | Abyss:1  | Reached XP level 1. HP: 18/18 MP: 2/2
    36 | Abyss:1  | Found a corrupted altar of Lugonu.
    77 | Abyss:1  | Noticed a small abomination
    89 | Abyss:1  | Noticed a ynoxinul
    91 | Abyss:1  | Noticed a smoke demon
    93 | D:1      | Escaped the Abyss
   328 | D:1      | Reached skill level 1 in Dodging
   359 | D:1      | Reached * piety under Lugonu
   374 | D:1      | Found a faded altar of an unknown god.
   409 | D:1      | Gained mutation: A meltable shield of frost defends you.
                  | (SH +4) [demonic ancestry]
   409 | D:1      | Reached XP level 2. HP: 23/24 MP: 4/4
   891 | D:1      | Reached XP level 3. HP: 29/29 MP: 5/5
  1282 | D:2      | Slain by a gnoll

Illustrated notes

Levels and vault maps discovered:
D:1:      doesnt_arrival_eight_statues, layout_rooms,
          shapermc_ecumenical_altar_acropolis
D:2:      minmay_angry_zag, layout_rooms, nrook_uturn, minmay_ruptured

Skill      XL: |  1  2 |
---------------+-------+-----
Dodging        | 1 |  1.7
Long Blades    | 2 |  2.4
Armour         | 2 |  2.0
Fighting       | |  3.3
Invocations    | |  2.8

Action                   || total
-------------------------++-------
Melee: Falchion          ||   117
Invok: Depart the Abyss  ||     1
Armor: Leather armour    ||    47
Dodge: Dodged            ||    71
Block: Other             ||    27
